 Dungeon Crawl Stone Soup version 0.30-a0-591-g3c58d2bc28 (webtiles) character file.

Game seed: 7543168371475405673

114 drugrobin the Sneak (level 4, 0/37 HPs)
             Began as a Demigod Delver on Jan 6, 2023.
             Slain by a phantom (3 damage)
             ... on level 5 of the Dungeon.
             The game lasted 00:04:01 (859 turns).

drugrobin the Sneak (Demigod Delver)                 Turns: 859, Time: 00:04:02

Health: 0/37       AC:  3    Str: 13    XL:     4   Next: 41%
Magic:  6/6        EV: 12    Int: 12    God:
Gold:   12         SH:  0    Dex: 19    Spells: 1/3 levels left

rFire   . . .      SeeInvis .    b - +1 war axe (heavy)
rCold   . . .      Faith    .    (no shield)
rNeg    . . .      Spirit   .    a - +0 leather armour
rPois   .          Reflect  .    (no helmet)
rElec   .          Harm     .    (no cloak)
rCorr   .          Rampage  .    (no gloves)
Will    .....                    (no boots)
Stlth   +++                      (no amulet)
HPRegen 0.26/turn                (no ring)
MPRegen 0.10/turn                (no ring)

@: no status effects
A: high MP 1, forlorn, divine attributes
a: no special abilities


You were on level 5 of the Dungeon.
You visited 1 branch of the dungeon, and saw 2 of its levels.

You collected 12 gold pieces.

Inventory:

Hand Weapons
 b - a +1 heavy war axe (weapon)
Armour
 a - a +0 leather armour (worn)
 k - a +0 ring mail
Wands
 f - a wand of digging (3)
Scrolls
 c - a scroll of magic mapping
 d - a scroll of fear
 h - a scroll of fog
 i - a scroll of poison {unknown}
 m - a scroll of vulnerability {unknown}
Potions
 e - a potion of haste
 g - a potion of brilliance {unknown}
 j - a potion of curing {unknown}
 l - 2 potions of lignification {unknown}


   Skills:
 - Level 2.8 Fighting
 - Level 2.0 Dodging
 - Level 4.6 Stealth
 + Level 4.2 Unarmed Combat


You had one spell level left.
You knew the following spells:

 Your Spells              Type           Power      Damage    Failure   Level
a - Blink                 Tloc           0%         N/A       54%         2

Your spell library contained the following spells:

 Spells                   Type           Power      Damage    Failure   Level
 Beastly Appendage        Tmut           0%         N/A       38%         1
 Momentum Strike          Conj/Tloc      0%         3d8       54%         2
 Wereblood                Tmut           0%         N/A       54%         2
 Lesser Beckoning         Tloc           0%         N/A       77%         3
 Spider Form              Tmut/Pois      0%         N/A       77%         3


Dungeon Overview and Level Annotations

Branches:
Dungeon (5/15)             Temple (0/1) D:5


Innate Abilities, Weirdness & Mutations

You have an increased reservoir of magic. (+10% MP)
You shall have no god before yourself.
Your divine heritage dramatically boosts your attributes as you level up.


Message History

Unknown command.
Unknown command.
You hit the phantom but do no damage. The phantom hits you.
The phantom blinks!
You blink.
The phantom hits you.
The phantom blinks!
You blink.
Found a stone staircase leading down.
Unknown command.
You hit the phantom but do no damage. The phantom hits you.
The phantom hits you but does no damage.
You miss the phantom.
The phantom hits you but does no damage.
The phantom hits you.
You barely miss the phantom. The phantom hits you.
The phantom barely misses you.
You hit the phantom.
The phantom is lightly damaged.
The phantom barely misses you.
The phantom hits you but does no damage.
The phantom closely misses you.
You barely miss the phantom.
The phantom is lightly damaged.
The phantom closely misses you. The phantom hits you.
You hit the phantom.
The phantom is moderately damaged.
The phantom hits you.
The phantom blinks!
You blink.
The phantom hits you but does no damage.
You slash the phantom!
The phantom is heavily damaged.
The phantom completely misses you. The phantom hits you.
You slash the phantom!
The phantom is almost destroyed.
The phantom hits you but does no damage.
The phantom closely misses you.
You hit the phantom but do no damage.
The phantom is almost destroyed.
The phantom hits you.
* * * LOW HITPOINT WARNING * * *
The phantom hits you.
* * * LOW HITPOINT WARNING * * *
The phantom hits you.
You die...

######### ### #.......#
..# #......W# ##.#
#......@#
.#.#######.......#
.#......##.......#
.#......##.......#######
.................'...>..
##....#...#......###..##
.....##.⌠.##..####
##..##.....##..#
#..##[.#.#..##...


You could see a phantom.

Vanquished Creatures
  A hound (D:5)
  An iguana (D:4)
  An adder (D:5)
  15 orcs
  2 endoplasms
  A giant cockroach (D:4)
  2 goblins (D:5)
  A hobgoblin (D:4)
  3 jackals (D:5)
  A quokka (D:5)
  A ball python (D:4)
  A kobold (D:5)
30 creatures vanquished.

Notes
Turn   | Place    | Note
-------+----------+-------------------------------------------
     0 | D:5      | drugrobin the Demigod Delver began the quest for the Orb.
     0 | D:5      | Reached XP level 1. HP: 18/18 MP: 3/3
    12 | D:5      | Noticed a sky beast
    62 | D:5      | Noticed a hound
   163 | D:5      | Reached XP level 2. HP: 25/25 MP: 4/4
   376 | D:4      | Reached XP level 3. HP: 20/30 MP: 5/5
   506 | D:5      | Reached XP level 4. HP: 26/37 MP: 6/6
   703 | D:4      | Learned a level 2 spell: Blink
   821 | D:5      | Noticed a phantom
   836 | D:5      | Found a staircase to the Ecumenical Temple.
   859 | D:5      | Slain by a phantom

Illustrated notes

Levels and vault maps discovered:
D:4:      black_bear_nest_1, layout_cave_pools, regret_index_temple_of_mockery,
          uniq_duvessa, uniq_eustachio, uniq_menkaure
D:5:      minmay_goblin_kobold_castle, layout_basic,
          nicolae_ru_sacrificial_ziggurat, grunt_dithmenos_smoke,
          minmay_temple_entry_waves, kennysheep_path_1, uniq_prince_ribbit1

Skill      XL: |  1  2  3 |
---------------+----------+-----
Dodging        | 2 |  2.0
Unarmed Combat | 2 3 4 |  4.2
Fighting       | |  2.8
Stealth        | |  4.6

Action                   |  1- 3 |  4- 6 || total
-------------------------+-------+-------++-------
Melee: War axe           |    44 |    27 ||    71
       Punch             |     1 |     1 ||     2
       Unarmed           |     2 |    13 ||    15
 Stab: Sleeping          |     1 |     1 ||     2
Armor: Leather armour    |     9 |    12 ||    21
Dodge: Dodged            |    53 |    21 ||    74

Table legend: (Time is in decaauts)
 A = Elapsed time spent in this place.
 B = Non-inter-level travel time spent in this place.
 C = Inter-level travel time spent in this place.
 D = Time resting spent in this place.
 E = Time spent auto-exploring this place.
 F = Levels seen in this place.
 G = Mean time per level.
                   A        B        C        D        E       F      G
               +--------+--------+--------+--------+--------+-----+--------+
         Total |    940 |    931 |      9 |    253 |    116 |   2 |  470.0 |
       Dungeon |    940 |    931 |      9 |    253 |    116 |   2 |  470.0 |
               +--------+--------+--------+--------+--------+-----+--------+

Top non-repeatable levels by time:
     D:5: 711 daAuts
     D:4: 228 daAuts
